Map: Inside and Out

Players

Bunny - Winner!

  • Race: Terran Terran
  • Spawn Location: 7:00

Reaper

  • Race: Zerg Zerg
  • Spawn Location: 1:00

Event: DreamHack SC2 Masters 2022 Atlanta (Offline)

VOD

Have the link to the VOD?

Description

Time

  • Played on: Nov. 18, 2022, 9:57 a.m.
  • Length: 6:09

All games in this series

Show
View Real Time Build Order
Export as new Build Order

Bunny Terran - Winner!

Build Orders: Hellion Opening, Reaper Expand 

Get SALT Encoding   

  12  0:00  SCV  
  13  0:12  SCV  
  14  0:17  Supply Depot  
  14  0:24  SCV  
  15  0:38  SCV  
  15  0:40  Barracks  
  15  0:42  Refinery  
  16  0:50  SCV  
  17  1:03  SCV  
  18  1:15  SCV  
  19  1:27  Reaper, Orbital Command  
  20  1:38  Command Center  
  20  1:46  Refinery  
  20  1:52  SCV  
  21  1:56  Supply Depot  
  21  1:59  Reaper  
  22  2:05  SCV  
  23  2:18  SCV  
  23  2:19  Factory  
  24  2:30  SCV  
  24  2:33  Barracks Reactor  
  25  2:42  SCV  
  26  2:51  Orbital Command  
  26  2:54  SCV  
  27  3:10  Starport  
  27  3:11  SCV  
  28  3:15  Hellion x2  
  28  3:16  SCV  
  28  3:17  Barracks Tech Lab  
  33  3:22  Supply Depot  
  33  3:23  SCV  
  34  3:36  SCV x2  
  34  3:37  Hellion x2  
  34  3:38  Marine  
  41  3:47  Supply Depot, Viking  
  43  3:49  SCV x2  
  43  3:50  Stimpack  
  45  3:58  Hellion x2  
  49  4:10  SCV x2  
  49  4:13  Supply Depot  
  49  4:16  Marine  
  52  4:25  Hellion x2  
  52  4:27  Liberator  
  52  4:29  SCV x2  
  61  4:34  Marine  
  61  4:36  Barracks x2  
  61  4:38  Supply Depot  
  62  4:46  Hellion  
  62  4:47  Hellion  
  62  4:51  SCV x2  
  62  4:52  Marine  
  62  5:08  Hellion x2  
  62  5:09  Marine  
  62  5:13  Engineering Bay, Barracks  
  65  5:14  Barracks  
  65  5:20  SCV x2  
  67  5:23  Bunker  
  67  5:24  Medivac  
  67  5:27  Marine  
  70  5:30  Widow Mine x2  
  70  5:33  Marine x2  
  64  5:45  SCV x2, Marine  
  64  5:49  Missile Turret  
  62  5:50  Missile Turret, Marine  
  62  5:52  Missile Turret  
  63  5:59  Missile Turret  
  63  6:01  Factory Reactor  
Show
View Real Time Build Order
Export as new Build Order

Reaper Zerg 

Build Orders: Hatch First 

Get SALT Encoding   

  12  0:00  Drone  
  13  0:13  Overlord  
  13  0:18  Drone  
  14  0:31  Drone  
  14  0:32  Drone  
  16  0:49  Hatchery  
  15  0:53  Drone  
  15  0:56  Drone  
  17  0:59  Drone  
  18  1:08  Extractor  
  17  1:15  Spawning Pool  
  17  1:18  Drone  
  17  1:21  Drone  
  18  1:29  Drone  
  19  1:40  Drone  
  20  1:51  Overlord  
  20  2:03  Queen x2  
  20  2:04  Zergling x4  
  20  2:07  Metabolic Boost  
  26  2:13  Drone x2  
  28  2:22  Drone  
  29  2:27  Drone  
  30  2:43  Queen  
  31  2:45  Lair  
  31  2:46  Drone  
  31  2:49  Extractor  
  31  2:52  Drone  
  32  3:02  Overlord  
  32  3:12  Drone x3  
  34  3:13  Zergling x2, Overlord  
  34  3:14  Overlord  
  35  3:25  Spore Crawler  
  34  3:33  Zergling x2  
  34  3:34  Zergling x2  
  37  3:35  Drone  
  37  3:36  Drone x3  
  41  3:42  Drone  
  41  3:47  Drone  
  43  3:48  Spire  
  43  3:52  Extractor x2  
  43  3:53  Zergling x4  
  42  4:06  Zergling x6  
  42  4:15  Overlord  
  42  4:19  Baneling Nest  
  42  4:22  Zergling x4  
  43  4:29  Drone x5  
  49  4:39  Overlord  
  47  4:49  Zergling x4  
  47  4:50  Queen  
  46  5:02  Mutalisk x5  
  46  5:06  Mutalisk  
  52  5:17  Zergling x2  
  47  5:23  Mutalisk  
  47  5:28  Zergling x2  
  47  5:29  Zergling x2  
  47  5:41  Drone  
  47  5:42  Drone  
  52  5:56  Drone  
Tags
 
Add a new tag
Caveats
  • Supply blocks, unpowered buildings, or Contaminate may cause inaccurate times.
  • Supply counts are checked every 10 seconds.